cohdb
Replays
Latest Replays
All Replays
Popular Replays
Top Player Replays
Match Explorer
How It Works
Community
CoH3 Stats
Reddit
Sign in to upload your games and track your stats! →
Sign in with Steam
Match 41485968
Unlisted
Match 41485968
Overview
Messages
Build Orders
End
Construct Infanterie Kompanie
Selects Breakthrough Battlegroup
Selects Assault Grenadiers
Grenadier Squad
GrW 34 Mortar Team
Grenadier Squad
Construct Panzergrenadier Kompanie
Panzergrenadier Squad
Selects 2.5-tonne Cargo Truck
2.5-tonne Cargo Truck
2.5-tonne Cargo Truck
Pak 40 Anti-tank Gun Team
Pioneer Squad
Construct Panzer Kompanie
Selects Smoke Bombing Run
Stoßtruppen Squad
Ciallo~(∠・ω< )⌒★
sumikadaisuki
everSNK
Zuwaigani
wila
LittleFatty233
Mika
侠客
0
0
Comments
sign in to comment!
No comments posted yet!